[Event "SS Manhem  - SS Manhem II, Div 1 January 2020"]
[Site "Vegagatan 20, Gothenburg, Sweden"]
[Date "2020.01.12"]
[Round "1.1"]
[White "Moller, Jan"]
[Black "Welin, Mats"]
[Result "0-1"]
[TimeControl "90 minutes for 40 moves + 30 minutes for the rest of the game + 30 seconds per move from move one."]
[BlackTitle "FM"]
[WhiteFideId "1723766"]
[BlackFideId "1705180"]
[WhiteElo "2098"]
[BlackElo "2328"]

1. Nf3 d5 2. d4 Nf6 3. c4 e6 4. Nc3 Be7 5. Bf4 O-O 6. e3 c5 7. cxd5 Nxd5 8. Nxd5 Qxd5 9. Be2 cxd4 10.
exd4 Nc6 11. O-O Rd8 12. Be3 b6 13. Qb3 Qxb3 14. axb3 Bb7 15. Rfd1 Na5 16. Nd2 Bd5 17. Bc4 Bf6 18.
Bxd5 Rxd5 19. Nc4 Rb8 20. Ne5 Nxb3 21. Ra3 Bxe5 22. Rxb3 Bd6 23. Ra1 a5 24. Kf1 Bb4 25. Rc1 Kf8 26.
Rc7 Bd6 27. Ra7 Ke8 28. g3 Bb4 29. Bf4 Rc8 30. Bc7 Rxd4 31. Bxb6 Rd7 32. Rxd7 Kxd7 33. Bd4 f6 34. f4 Rc2 35.
Bc3 Bxc3 36. bxc3 Kc6 37. Ke1 0-1

[Event "SS Manhem  - SS Manhem II, Div 1 January 2020"]
[Site "Vegagatan 20, Gothenburg, Sweden"]
[Date "2020.01.12"]
[Round "1.2"]
[White "Fendrich, David"]
[Black "Berggren Torell, Harald"]
[Result "0-1"]
[TimeControl "90 minutes for 40 moves + 30 minutes for the rest of the game + 30 seconds per move from move one."]
[WhiteFideId "1705725"]
[BlackFideId "1714031"]
[WhiteElo "2200"]
[BlackElo "2095"]

1. g3 g6 2. Bg2 Bg7 3. c4 Nf6 4. Nc3 O-O 5. e4 d6 6. Nge2 c5 7. O-O Nc6 8. d3 a6 9. h3 e5 10.
f4 exf4 11. Nxf4 Rb8 12. a4 Bd7 13. Be3 Ne5 14. Qe2 g5 15. Nfd5 Nxd5 16. Nxd5 Be6 17. Rab1 g4 18. Nf4 Qd7 19.
h4 Qxa4 20. Nh5 f6 21. Qd2 Bh8 22. Bh6 Rf7 23. b3 Qd7 24. Rf2 Nf3+ 25. Bxf3 gxf3 26. Nf4 Bg4 27. Nd5 Bg7 28. Bxg7 Kxg7 29.
Qf4 b5 30. Ne3 h5 31. Nf5+ Bxf5 32. exf5 Re7 33. Qxf3 Qe8 34. g4 bxc4 35. dxc4 Re3 36. Qf4 Re4 37. Qxd6 Rxg4+ 38. Kf1 Qe4 39.
Qc7+ Kh6 40. Rbb2 Re8 0-1

[Event "SS Manhem  - SS Manhem II, Div 1 January 2020"]
[Site "Vegagatan 20, Gothenburg, Sweden"]
[Date "2020.01.12"]
[Round "1.3"]
[White "Nilsson, Richard"]
[Black "Lundstrom, Mattias"]
[Result "0-1"]
[TimeControl "90 minutes for 40 moves + 30 minutes for the rest of the game + 30 seconds per move from move one."]
[WhiteFideId "1709348"]
[BlackFideId "1703536"]
[WhiteElo "2045"]
[BlackElo "2148"]

1. d4 d5 2. c4 e6 3. Nc3 c6 4. e3 Nf6 5. Bd3 Nbd7 6. Nf3 dxc4 7. Bxc4 b5 8. Bd3 a6 9. O-O c5 10.
Re1 Bb7 11. a3 Be7 12. Bf1 O-O 13. g3 Qb6 14. Bg2 Rfd8 15. Qe2 Rac8 16. Rd1 Ne4 17. Nxe4 Bxe4 18. Ne1 Bxg2 19. Kxg2 Bf6 20.
Bd2 cxd4 21. exd4 Bxd4 22. Ba5 Qxa5 23. Rxd4 Nf6 24. Rad1 Rxd4 25. Rxd4 Qb6 26. Qd3 Nd5 27. Qe4 h6 28.
Nd3 Nf6 29. Qf4 Rc2 30. Kh3 Nd5 31. Qe4 a5 32. f4 Nf6 33. Qe5 Rxh2+ 0-1

[Event "SS Manhem  - SS Manhem II, Div 1 January 2020"]
[Site "Vegagatan 20, Gothenburg, Sweden"]
[Date "2020.01.12"]
[Round "1.4"]
[White "Troedsson, Anton"]
[Black "Lacko, Pavel"]
[Result "0-1"]
[TimeControl "90 minutes for 40 moves + 30 minutes for the rest of the game + 30 seconds per move from move one."]
[WhiteFideId "1746006"]
[BlackFideId "1701274"]
[WhiteElo "2112"]
[BlackElo "2009"]

1. Nf3 Nf6 2. b3 d5 3. Bb2 Bf5 4.
e3 e6 5.
Bd3 Bg6 6. O-O Bd6 7. Ne5 Bxe5 8. Bxe5 Nbd7 9. Bb2 c6 10. Ba3 Qc7 11. Be2 O-O-O 12. d4 h5 13. c4 Ng4 14. g3 Ndf6 15.
Nd2 Bf5 16. Bf3 h4 17. Re1 hxg3 18. hxg3 Nxf2 19. Kxf2 Rh2+ 20. Bg2 Bh3 21. Rg1 Ng4+ 22. Kf3 Bxg2+ 23. Rxg2 Rxg2 24. Nf1 Rf2+ 25.
Kxg4 f5+ 26. Kg5 Qf7 0-1

[Event "SS Manhem  - SS Manhem II, Div 1 January 2020"]
[Site "Vegagatan 20, Gothenburg, Sweden"]
[Date "2020.01.12"]
[Round "1.5"]
[White "Svensson, Lars"]
[Black "Pettersson, Anders"]
[Result "1-0"]
[TimeControl "90 minutes for 40 moves + 30 minutes for the rest of the game + 30 seconds per move from move one."]
[WhiteFideId "1734466"]
[BlackFideId "1715143"]
[WhiteElo "1993"]
[BlackElo "2108"]

1. e4 b6 2. d4 Bb7 3. Nc3 e6 4. a3 g6 5. Be3 Bg7 6. Qd2 d5 7. e5 c5 8. Nb5 Bf8 9. Nf3 a6 10.
Nc3 Nc6 11. Ne2 Qc7 12. g3 cxd4 13. Bxd4 Nxd4 14. Nexd4 Bg7 15. Qe3 h5 16. h3 Bh6 17. Qd3 h4 18. Bg2 hxg3 19. fxg3 Ne7 20. O-O Nf5 21. Nxf5 gxf5 22.
Nd4 Bg7 23. Rae1 Rh6 24. Qe3 Rg6 25. Kh2 O-O-O 26. Rf3 Kb8 27. Qe2 Rh8 28. Rc3 Qd7 29. Qf2 Bf8 30. b4 Rg4 31. Kg1 Re4 32.
Bxe4 dxe4 33. Kh2 f6 34. exf6 Bd6 35. Ne2 Qh7 36. Nf4 e5 37. Qxb6 Qd7 38. Rd1 exf4 39. Qxd6+ Qxd6 40. Rxd6 f3 41. Re3 Kc7 42. Re6 Rd8 43. Re7+ Kc8 44. f7 Bd5 45.
Rc3+ Kb8 46. Re8 1-0

[Event "SS Manhem  - SS Manhem II, Div 1 January 2020"]
[Site "Vegagatan 20, Gothenburg, Sweden"]
[Date "2020.01.12"]
[Round "1.6"]
[White "Bengtsson, Jonas"]
[Black "Lennerstad, Allan"]
[Result "1-0"]
[TimeControl "90 minutes for 40 moves + 30 minutes for the rest of the game + 30 seconds per move from move one."]
[WhiteFideId "1715135"]
[BlackFideId "1723774"]
[WhiteElo "2097"]
[BlackElo "1951"]

1. d4 Nf6 2. c4 e6 3. Nc3 Bb4 4. e3 b6 5. Bd3 Bb7 6. Nf3 Ne4 7. O-O Bxc3 8. bxc3 f5 9. Ne1 O-O 10.
f3 Nf6 11. Qe2 Nc6 12. e4 fxe4 13. fxe4 e5 14. Nf3 Qe7 15. Bg5 Rae8 16. Rae1 Qd6 17. Qb2 Nh5 18. c5 Qg6 19. cxb6 axb6 20.
Qd2 h6 21. Be3 Nf4 22. Bxf4 exf4 23. e5 Qh5 24. Qc2 Re7 25. h3 Qe8 26. Bg6 Qa8 27. Nh4 Re6 28. Bh7+ Kh8 29. Ng6+ Rxg6 30.
Bxg6 Ne7 31. Be4 Nd5 32. Rf3 g5 33. Qb3 Ne7 34. Bxb7 Qxb7 35. c4 Nf5 36. Qd3 Qc6 37. Kh2 Nh4 38.
Rf2 Kg7 39. e6 dxe6 40. d5 Qc5 41. Rff1 f3 42. g3 f2 43. Rxe6 Rf3 44. Qe4 1-0

[Event "SS Manhem  - SS Manhem II, Div 1 January 2020"]
[Site "Vegagatan 20, Gothenburg, Sweden"]
[Date "2020.01.12"]
[Round "1.7"]
[White "Olabe Odriozola, Eduardo"]
[Black "Lindholm, Gustav"]
[Result "0-1"]
[TimeControl "90 minutes for 40 moves + 30 minutes for the rest of the game + 30 seconds per move from move one."]
[WhiteFideId "2211980"]
[BlackFideId "1736515"]
[WhiteElo "1948"]
[BlackElo "1921"]

1. e4 c5 2. Nc3 e6 3. Bc4 a6 4. a4 Qc7 5. d3 Nf6 6. f4 d6 7. Nge2 Nc6 8. O-O Be7 9. f5 Nb4 10.
Nf4 exf5 11. Nfd5 Nbxd5 12. Nxd5 Nxd5 13. Bxd5 g6 14. g4 Rg8 15. Kh1 Be6 16. gxf5 Bxd5 17. exd5 Bf6 18. Qg4 Qd7 19.
Re1+ Be5 20. c3 O-O-O 21. Rf1 Kb8 22. Bd2 Rde8 23. b4 gxf5 24. Qh5 cxb4 25. d4 bxc3 26. Bxc3 Bf6 27. Rxf5 Qe7 28.
Raf1 Qe4+ 29. R1f3 Bxd4 30. Bxd4 Qxd4 31. Rf1 Qd2 32. R5f2 Qxf2 0-1

[Event "SS Manhem  - SS Manhem II, Div 1 January 2020"]
[Site "Vegagatan 20, Gothenburg, Sweden"]
[Date "2020.01.12"]
[Round "1.8"]
[White "Eriksson, Mats"]
[Black "Kenani, Dariush"]
[Result "1/2-1/2"]
[TimeControl "90 minutes for 40 moves + 30 minutes for the rest of the game + 30 seconds per move from move one."]
[WhiteFideId "1700936"]
[BlackFideId "1707973"]
[WhiteElo "1938"]
[BlackElo "1917"]

1. e4 c5 2. c3 d5 3. exd5 Qxd5 4. d4 e5 5. Nf3 cxd4 6. cxd4 Nc6 7. Nc3 Bb4 8. Bd2 Bxc3 9. Bxc3 Nge7 10. dxe5 O-O 11. Be2 Bf5 12.
O-O Rad8 13. Qa4 Qe4 14. Qxe4 Bxe4 15. Rfe1 Nd5 16. Rac1 Nf4 17. Bb5 Bxf3 18. gxf3 Nd4 19. Bxd4 Rxd4 20.
Rc4 Rfd8 21. h4 a6 22. Rxd4 Rxd4 23. Rc1 h6 24. Bf1 b5 25. Rc6 Ra4 26. a3 Kf8 27. Kh2 Ng6 28. Rc8+ Ke7 29.
Rc7+ Kf8 30. Rc8+ Ke7 31. Rc7+ Kf8 32. Rc8+ 1/2-1/2